 Dungeon Crawl Stone Soup version 0.32-a0-132-g2d33c3cfaf (webtiles) character file.

Game seed: 6079403887769938763

3026 hikkokomori the Grappler (level 9, -4/86 (89) HPs)
             Began as a Troll Fighter on Feb 9, 2024.
             Slain by a wight
             ... wielding a +3 trident
              (10 damage)
             ... on level 8 of the Dungeon.
             The game lasted 00:13:43 (6045 turns).

hikkokomori the Grappler (Troll Fighter)            Turns: 6045, Time: 00:13:44

HP:   -4/86 (89)    AC:  5    Str: 26    XL:     9   Next: 55%
MP:   17/17         EV: 10    Int:  4    God:
Gold: 333           SH:  9    Dex: 13    Spells: 8/8 levels left

rFire   + .          .
                       - Unarmed
rCold   + . .        b - +1 kite shield
rNeg    . . .        a - +0 robe
rPois   +            (helmet restricted)
rElec   +            h - +0 cloak
rCorr   +            (gloves unavailable)
SInv    .            (boots unavailable)
Will    +....        (no amulet)
Stlth   ++           l - ring of magical power
HPRegen 1.14/turn    x - ring of willpower
MPRegen 0.15/turn

%: no passive effects
@: resistant, lightly drained
A: large, unfitting armour, claws 3, regeneration 1, shaggy fur 1, tough skin 1
a: no special abilities


You were on level 8 of the Dungeon.
You visited 2 branches of the dungeon, and saw 9 of its levels.
You also visited: Sewer.

You collected 457 gold pieces.
You spent 124 gold pieces at shops.

Inventory:

Missiles
 d - 6 javelins
 o - 69 stones (quivered)
 q - 17 poisoned darts
 y - 6 boomerangs
Armour
 a - a +0 robe (worn)
 b - a +1 kite shield (worn)
 h - a +0 cloak (worn)
Jewellery
 l - a ring of magical power (left claw)
 x - a ring of willpower (right claw)
Wands
 t - a wand of acid (18)
 w - a wand of roots (5)
Scrolls
 c - a scroll of amnesia {unknown}
 i - 4 scrolls of teleportation
 p - a scroll of revelation
 v - a scroll of fear
Potions
 e - a potion of cancellation {unknown}
 f - 2 potions of magic
 g - a potion of ambrosia
 j - 2 potions of curing
 k - a potion of enlightenment {unknown}
 m - a potion of haste
 n - a potion of attraction {unknown}
 r - 3 potions of resistance
 s - a potion of might
 u - a potion of brilliance


   Skills:
 + Level 6.1 Fighting
 - Level 3.0 Throwing
 - Level 4.0 Dodging
 - Level 2.0 Stealth
 - Level 2.7 Shields
 - Level 10.0 Unarmed Combat


You had 8 spell levels left.
You didn't know any spells.
Your spell library contained the following spells:

 Spells                   Type           Power      Damage    Failure   Level
 Kiss of Death            Conj/Necr      0%         2d5       77%         1
 Sandblast                Erth           0%         2d4       77%         1
 Confusing Touch          Hex            0%         N/A       98%         3
 Passwall                 Erth           0%         N/A       98%         3
 Stone Arrow              Conj/Erth      0%         3d7       98%         3
 Brom's Barrelling Bould  Conj/Erth      0%         2d3       100%        4
 Dispel Undead            Necr           0%         3d6       100%        4
 Chain Lightning          Conj/Air       0%         N/A       100%        9
 Fire Storm               Conj/Fire      0%         5d1       100%        9
 Shatter                  Erth           0%         3d5*      100%        9


Dungeon Overview and Level Annotations

Branches:
Dungeon (8/15)             Temple (1/1) D:7           Sewer (visited)
   Lair: D:8-11

Altars:
Ashenzari
Dithmenos
Elyvilon
Fedhas
Kikubaaqudgha
Nemelex Xobeh
Okawaru
Qazlal
Sif Muna
Trog
Uskayaw
Vehumet
Wu Jian
Zin
The Shining One

Shops:
D:6 [(   D:7 ?


Innate Abilities, Weirdness & Mutations

You are too large for most types of armour.
You have claws for hands.
Your natural rate of healing is unusually fast.
You are covered in fur. (AC +1)
You have tough skin. (AC +1)


Message History

You kill the killer bee!
You block the wight's attack.
Your life force feels restored.
Your Fighting skill increases to level 6!
You claw the wight!
You destroy the wight!
The wight hits you from afar with a +3 trident!
* * * LOW HITPOINT WARNING * * *
You feel drained.
* * * LOW HITPOINT WARNING * * *
The killer bee closely misses you.
You closely miss the killer bee. You block the killer bee's attack.
The wight hits you from afar with a +3 trident!
* * * LOW HITPOINT WARNING * * *
Unknown command.
You feel better. The killer bee closely misses you. x2
The wight hits you from afar with a +3 trident.
* * * LOW HITPOINT WARNING * * *
You feel drained.
* * * LOW HITPOINT WARNING * * *
Read: 2 scrolls of fear
Press: ? - help, Dir - look around, f - activate Look: a killer bee (chance to affect: 98%)
Okay, then.
As you read the scroll of fear, it crumbles to dust.
You assume a fearsome visage.
The wight is unaffected.
The killer bee looks frightened!
The wight misses you.
A wight comes into view. It is wielding a +2 halberd.
Okay, then.
Aiming: Fastroot
Press: ? - help, Shift-Dir - straight line, f - wight
Aim: a wight, wielding a +3 trident and wearing a +0 robe The roots erupt in riotous growth!
Roots grab the wight.
The grasping roots constrict the wight.
The wight misses you.
The grasping roots constrict the wight.
The roots release their grip on the wight.
The wight attacks as it pursues you!
The wight hits you from afar with a +3 trident!
You die...

##########
#........#
#.######<# #.#
#.# ##.######
#.......#
#..####.#
#@.####.#
#....##.# .
#z##.##.#
....####)##.##.#
...yz§§z.......#
.....§§.≈§.....#
#.z≈≈≈§§..≈≈..##
...≈§≈###+≈§§.#
#...≈≈ §≈y≈..#


You could see 2 wights.

Vanquished Creatures
  A shadow (D:6)
  Menkaure (D:7)
  A water moccasin (D:7)
  Pargi (D:3)
  A black bear (D:5)
  2 sky beasts (D:7)
  An ice beast (D:6)
  2 ogres (D:5)
  2 centaurs
  A kobold brigand (Sewer)
  2 phantoms
  Blork the orc (D:4)
  4 bullfrogs (D:7)
  5 wights
  9 killer bees (D:8)
  5 orc priests
  2 jellies
  2 bombardier beetles
  2 hounds (D:5)
  A gnoll bouda (D:7)
  An iguana (D:7)
  A sleepcap (D:4)
  3 orc wizards
  8 adders
  4 ufetubi
  3 ribbon worms
  14 orcs
  9 ball pythons
  7 bats
  4 endoplasms
  4 giant cockroaches
  4 goblins
  5 hobgoblins
  9 jackals
  7 kobolds
  6 quokkas
  4 frilled lizards
  11 rats
150 creatures vanquished.

Notes
Turn   | Place    | Note
-------+----------+-------------------------------------------
     0 | D:1      | hikkokomori the Troll Fighter began the quest for the Orb.
     0 | D:1      | Reached XP level 1. HP: 22/22 MP: 0/0
   101 | D:1      | Reached XP level 2. HP: 28/29 MP: 1/1
   198 | D:1      | Found a faded altar of an unknown god.
   275 | D:1      | Reached skill level 3 in Unarmed Combat
   816 | D:2      | Reached skill level 4 in Unarmed Combat
   816 | D:2      | Reached XP level 3. HP: 26/36 MP: 2/2
   820 | D:2      | Reached XP level 4. HP: 30/44 MP: 3/3
   827 | D:2      | Reached skill level 5 in Unarmed Combat
  1085 | D:2      | Reached XP level 5. HP: 50/50 MP: 4/4
  1266 | D:3      | Found a shimmering blue altar of Sif Muna.
  1270 | D:3      | Found an iron altar of Okawaru.
  1417 | D:3      | Noticed Pargi
  1429 | D:3      | Killed Pargi
  1430 | D:3      | Reached skill level 6 in Unarmed Combat
  1430 | D:3      | Reached XP level 6. HP: 36/59 MP: 5/5
  1549 | D:3      | Found a shadowy altar of Dithmenos.
  2078 | D:4      | Identified the +1 scale mail "Viumas" {Str+4 Int+7 Stlth-}
  2523 | D:5      | Entered Level 5 of the Dungeon
  2535 | D:5      | Noticed Blork the orc
  2542 | D:4      | Killed Blork the orc
  2543 | D:4      | Reached skill level 7 in Unarmed Combat
  2549 | D:5      | Reached skill level 1 in Stealth
  2549 | D:5      | Reached XP level 7. HP: 23/67 MP: 6/6
  2568 | D:5      | Found a hide-covered altar of Uskayaw.
  2938 | D:5      | Found a glowing drain.
  2967 | Sewer    | Entered a sewer
  3638 | D:5      | Reached skill level 1 in Throwing
  3638 | D:5      | Reached XP level 8. HP: 73/78 MP: 7/7
  4410 | D:6      | Found Inegiaz's Armour Shop.
  4419 | D:6      | Bought a +0 cloak for 54 gold pieces
  4450 | D:6      | Found Bolarphed's Antique Weapon Boutique.
  4500 | D:6      | Reached skill level 8 in Unarmed Combat
  4511 | D:6      | Found an ornate altar of the Wu Jian Council.
  5297 | D:7      | Reached skill level 9 in Unarmed Combat
  5317 | D:7      | Reached XP level 9. HP: 70/84 MP: 8/8
  5478 | D:7      | Noticed Menkaure
  5485 | D:7      | Killed Menkaure
  5496 | D:7      | Found a staircase to the Ecumenical Temple.
  5529 | Temple   | Entered the Ecumenical Temple
  5572 | D:7      | Reached skill level 10 in Unarmed Combat
  5592 | D:7      | Found a radiant altar of Vehumet.
  5731 | D:7      | Found Itruq's Magic Scroll Emporium.
  5739 | D:7      | Bought a scroll of identify for 28 gold pieces
  5739 | D:7      | Bought a scroll of teleportation for 42 gold pieces
  5990 | D:8      | Found a stormy altar of Qazlal.
  6012 | D:8      | Reached skill level 5 in Fighting
  6040 | D:8      | HP: 1/88 [wight/+3 trident (8)]
  6045 | D:8      | Slain by a wight

Illustrated notes

Levels and vault maps discovered:
D:1:      dpeg_arrival_court, layout_basic,
          hellmonk_ecumenical_altar_crossroads, chequers_serial_rivers_micro_c
D:2:      layout_rooms
D:3:      layout_loops_ring, lemuel_coloured_pillars_altar, okawaru_trees_2,
          mainiacjoe_overflow_tiny_flanked, uniq_pargi
D:4:      layout_basic, minivault_1, st_stairs_6
D:5:      layout_basic, nicolae_uskayaw_murder_on_the_dancefloor,
          cheibrodos_sewer_entry_bend, uniq_blork_the_orc
D:6:      layout_layer_cave, mainiacjoe_overflow_boulevard, serial_shops, shop,
          nicolae_lakefront_shop
D:7:      layout_rooms, fiery_altar_vehumet, minmay_temple_entry_stoned_glass,
          serial_shops, shop, minivault_22, chequers_garden,
          minmay_crystal_room, minmay_circle_x, uniq_menkaure
D:8:      layout_loops_cross, grunt_temple_overflow_champion_of_chaos,
          nicolae_qazlal_general_emergency, guppyfry_shop_venom
Temple:   nicolae_temple_two_arcs

Skill      XL: |  1  2  3  4  5  6  7  8  9 |
---------------+----------------------------+-----
Unarmed Combat | 4 5 6 7 9 10 | 10.0
Fighting       | 3 4 6 |  6.1
Stealth        | 1 2 |  2.0
Dodging        | 4 |  4.0
Throwing       | 1 3 |  3.0
Shields        | |  2.7

Action                     |  1- 3 |  4- 6 |  7- 9 || total
---------------------------+-------+-------+-------++-------
  Melee: Unarmed           |    79 |    88 |   243 ||   410
  Evoke: Wand              |       |       |     1 ||     1
    Use: Potion            |     1 |       |     4 ||     5
         Scroll            |       |     5 |    11 ||    16
   Stab: Sleeping          |       |     3 |     2 ||     5
         Distracted        |       |     1 |       ||     1
 Armour: Robe              |    51 |    46 |   151 ||   248
  Dodge: Dodged            |    25 |    23 |    94 ||   142
  Block: Kite shield       |    36 |    31 |   124 ||   191

Table legend: (Time is in decaauts)
 A = Elapsed time spent in this place.
 B = Non-inter-level travel time spent in this place.
 C = Inter-level travel time spent in this place.
 D = Time resting spent in this place.
 E = Time spent auto-exploring this place.
 F = Levels seen in this place.
 G = Mean time per level.
                   A        B        C        D        E       F      G
               +--------+--------+--------+--------+--------+-----+--------+
         Total |   6042 |   5781 |    261 |      7 |   4636 |  10 |  604.2 |
       Dungeon |   5736 |   5476 |    260 |      7 |   4495 |   8 |  717.0 |
        Temple |     23 |     23 |      0 |      0 |      0 |   1 |   23.0 |
         Sewer |    282 |    282 |      0 |      0 |    141 |   1 |  282.0 |
               +--------+--------+--------+--------+--------+-----+--------+

Top non-repeatable levels by time:
     D:6: 1263 daAuts
     D:5: 1190 daAuts
     D:1: 770 daAuts
     D:3: 701 daAuts
     D:7: 682 daAuts
     D:4: 611 daAuts
     D:2: 450 daAuts
   Sewer: 282 daAuts
     D:8: 66 daAuts
  Temple: 23 daAuts
